Map: [ESL] Oceanborn

Players

MeomaikA

  • Race: Zerg Zerg
  • Spawn Location: 5:00

Jieshi - Winner!

  • Race: Protoss Protoss
  • Spawn Location: 11:00

Event: ESL SC2 Masters 2023 Winter (Regional)

VOD

Have the link to the VOD?

Description

Time

  • Played on: Oct. 27, 2023, 9:43 a.m.
  • Length: 10:23
Show
View Real Time Build Order
Export as new Build Order

MeomaikA Zerg 

Build Orders: Pool First 

Get SALT Encoding   

  12  0:17  Spawning Pool  
  11  0:22  Drone  
  11  0:26  Drone  
  13  0:30  Drone  
  14  0:40  Overlord  
  14  1:03  Queen  
  14  1:04  Zergling x4  
  18  1:05  Zergling x2  
  19  1:16  Drone  
  20  1:31  Drone  
  21  1:33  Hatchery  
  21  1:37  Drone  
  21  1:44  Extractor  
  20  1:48  Queen  
  22  1:56  Overlord  
  22  2:14  Drone  
  22  2:15  Drone x4  
  27  2:27  Queen  
  29  2:35  Zergling x2  
  30  2:45  Drone x2  
  30  2:47  Drone  
  33  2:56  Drone  
  34  2:59  Drone x2, Overlord  
  34  3:05  Metabolic Boost  
  36  3:12  Overlord  
  34  3:31  Drone x2  
  34  3:34  Drone, Hatchery  
  34  3:36  Drone  
  34  3:39  Drone  
  35  3:42  Drone  
  36  3:48  Spore Crawler  
  36  3:49  Drone  
  36  3:52  Drone  
  36  3:53  Drone  
  38  3:56  Drone  
  38  3:58  Drone  
  38  4:00  Drone  
  41  4:03  Drone  
  41  4:08  Zergling x6  
  45  4:14  Zergling x4  
  45  4:15  Zergling x2  
  48  4:17  Zergling x2  
  48  4:23  Drone x3  
  52  4:28  Lair  
  52  4:34  Roach Warren  
  52  4:37  Zergling x2  
  52  4:38  Overlord  
  52  4:41  Extractor  
  52  4:42  Zergling x4, Extractor  
  54  4:46  Zergling x4  
  54  4:47  Zergling x2  
  54  4:52  Zergling x2  
  58  4:55  Overlord  
  58  4:58  Drone  
  58  4:59  Overlord  
  59  5:00  Drone  
  59  5:05  Extractor  
  59  5:12  Drone  
  57  5:15  Drone x2  
  57  5:16  Drone  
  57  5:17  Spore Crawler  
  57  5:19  Roach x5  
  68  5:23  Roach  
  68  5:25  Roach  
  72  5:31  Roach x2  
  72  5:33  Roach  
  78  5:37  Roach  
  78  5:39  Roach  
  78  5:41  Glial Reconstitution  
  82  5:46  Extractor  
  82  5:47  Drone  
  82  5:53  Overlord x2  
  82  6:13  Zergling x2  
  82  6:14  Zergling x26  
  82  6:15  Zergling x2  
  95  6:27  Zergling x6  
  95  6:28  Zergling x4  
  95  6:29  Zergling x2  
  95  6:30  Zergling x2  
  95  6:31  Zergling x4  
  94  6:37  Zergling x2  
  90  6:40  Roach x2  
  90  6:42  Zergling x2  
  90  6:44  Ravager x2  
  97  6:48  Ravager x2  
  97  6:49  Overlord  
  96  7:10  Zergling x8  
  96  7:11  Zergling x4  
  96  7:12  Zergling x4  
  96  7:13  Zergling x4  
  93  7:18  Ravager  
  93  7:19  Zergling x6  
  93  7:20  Zergling x2  
  93  7:22  Overseer  
  85  7:23  Zergling x2, Pneumatized Carapace  
  85  7:24  Zergling x2  
  79  7:30  Drone x2  
  79  7:31  Drone  
  79  7:33  Roach  
  81  7:38  Roach x2  
  81  7:43  Roach  
  84  7:45  Roach x2  
  84  7:50  Evolution Chamber  
  87  7:52  Roach  
  87  7:53  Roach x2  
  87  7:56  Roach  
  92  8:00  Roach  
  92  8:02  Roach  
  92  8:05  Roach  
  88  8:06  Overseer  
  88  8:08  Zergling x2  
  88  8:09  Zergling x2  
  88  8:12  Roach  
  84  8:13  Zergling x2  
  84  8:15  Zergling x2  
  84  8:16  Zergling x2  
  84  8:18  Ravager x2  
  89  8:20  Zergling x2  
  89  8:22  Zergling x4  
  89  8:25  Zergling x2  
  93  8:28  Zergling x4  
  93  8:30  Zergling x2  
  93  8:31  Zergling x2  
  93  8:32  Zergling x2  
  98  8:34  Zergling x2  
  98  8:38  Zergling x4  
  98  8:39  Zergling x2  
  98  8:40  Zergling x2  
  97  8:42  Zergling x2  
  97  8:44  Zergling x2  
  97  8:47  Zergling x2  
  97  8:48  Zergling x2  
  94  8:49  Zergling x2  
  94  8:52  Zergling x2  
  94  8:53  Zergling x2  
  89  8:55  Zergling x2  
  89  8:57  Zergling x2  
  89  8:58  Zergling x2  
  89  9:00  Zergling x2  
  89  9:02  Zergling x2  
  89  9:04  Zergling x2  
  89  9:06  Zergling x2  
  87  9:11  Zergling x2  
  87  9:13  Zergling x2, Overseer  
  87  9:14  Overseer  
  79  9:18  Zergling x2  
  79  9:22  Zergling x2  
  76  9:26  Ravager x3  
  76  9:27  Zergling x8  
  81  9:33  Zergling x2  
  81  9:36  Zergling x4  
  84  9:41  Zergling x2  
  80  9:47  Zergling x4  
  80  9:49  Ravager  
  80  9:50  Zergling x2  
  80  9:51  Zergling x2  
  80  9:52  Zergling x2  
  79  9:53  Zergling x2  
  79  9:57  Zergling x2  
  73  10:03  Zergling x2  
Show
View Real Time Build Order
Export as new Build Order

Jieshi Protoss - Winner!

Build Orders: Archon Immortal, Mass Adepts 

Get SALT Encoding   

  12  0:00  Probe  
  13  0:12  Probe  
  14  0:18  Pylon  
  14  0:24  Probe (Chrono Boost)  
  15  0:38  Probe (Chrono Boost)  
  15  0:39  Gateway  
  16  0:44  Probe (Chrono Boost)  
  16  0:48  Assimilator  
  17  0:52  Probe  
  18  1:04  Probe  
  18  1:11  Gateway  
  19  1:25  Zealot (Chrono Boost)  
  19  1:26  Cybernetics Core  
  19  1:32  Pylon  
  23  1:50  Probe  
  24  2:03  Adept  
  24  2:05  Probe  
  27  2:09  Adept  
  27  2:15  Nexus  
  27  2:17  Probe  
  27  2:19  Warp Gate  
  28  2:26  Pylon  
  28  2:29  Probe  
  29  2:35  Adept  
  31  2:44  Probe  
  31  2:46  Assimilator  
  32  2:53  Adept  
  32  2:56  Probe  
  35  3:08  Probe  
  36  3:12  Adept  
  38  3:20  Probe  
  39  3:32  Probe (Chrono Boost)  
  39  3:33  Probe (Chrono Boost)  
  37  3:34  Twilight Council, Adept  
  39  3:44  Probe (Chrono Boost)  
  39  3:45  Gateway, Probe (Chrono Boost)  
  41  3:51  Probe x2 (Chrono Boost)  
  41  3:53  Gateway  
  43  3:58  Probe  
  43  3:59  Probe  
  45  4:06  Robotics Facility, Resonating Glaives (Chrono Boost)  
  45  4:10  Probe  
  45  4:11  Adept  
  45  4:16  Probe  
  49  4:22  Probe  
  49  4:23  Pylon  
  50  4:25  Adept  
  50  4:28  Probe  
  53  4:34  Probe  
  53  4:37  Pylon  
  54  4:42  Probe  
  54  4:43  Adept x2  
  54  4:45  Pylon  
  59  4:48  Adept  
  59  4:49  Probe  
  62  4:55  Probe  
  62  4:59  Observer  
  64  5:01  Adept  
  64  5:04  Assimilator  
  64  5:06  Adept  
  64  5:07  Adept  
  70  5:08  Adept  
  64  5:23  Assimilator  
  64  5:24  Warp Prism (Chrono Boost)  
  64  5:25  Dark Shrine  
  66  5:37  Nexus  
  66  5:42  Probe x2  
  68  5:43  Shield Battery  
  68  5:53  Forge  
  68  5:54  Probe  
  68  5:55  Probe  
  70  6:01  Immortal (Chrono Boost)  
  70  6:02  Sentry  
  76  6:05  Shield Battery  
  76  6:08  Stalker  
  78  6:11  Pylon  
  78  6:16  Blink (Chrono Boost)  
  78  6:32  Stalker x2  
  76  6:33  Stalker  
  76  6:36  Probe x2  
  76  6:45  Protoss Ground Weapons Level 1  
  76  6:50  Probe x3  
  79  6:55  Dark Templar  
  81  7:02  Dark Templar  
  83  7:11  Dark Templar  
  83  7:12  Zealot  
  83  7:15  Immortal (Chrono Boost)  
  69  7:28  Zealot  
  66  7:31  Gateway  
  66  7:34  Dark Templar, Probe x2  
  66  7:35  Gateway, Probe  
  66  7:36  Shield Battery  
  67  7:37  Gateway  
  67  7:42  Photon Cannon  
  67  7:43  Shield Battery  
  67  7:44  Archon  
  62  7:46  Probe  
  62  7:47  Immortal (Chrono Boost), Probe  
  68  7:52  Dark Templar  
  68  7:53  Zealot  
  72  7:59  Probe  
  72  8:00  Probe x2  
  72  8:03  Zealot  
  69  8:06  Zealot  
  69  8:12  Probe x3  
  74  8:14  Dark Templar, Archon  
  76  8:20  Immortal  
  76  8:23  Shield Battery  
  76  8:25  Sentry  
  82  8:32  Probe x3  
  85  8:34  Dark Templar  
  85  8:38  Zealot x2  
  87  8:41  Zealot  
  87  8:43  Stalker  
  81  8:49  Zealot x2  
  83  8:59  Stalker  
  83  9:00  Immortal (Chrono Boost)  
  83  9:01  Zealot  
  85  9:07  Stalker x2  
  79  9:12  Sentry, Stalker  
  79  9:13  Zealot  
  79  9:21  Stalker  
  79  9:25  Stalker  
  81  9:33  Immortal (Chrono Boost), Shield Battery  
  81  9:35  Photon Cannon  
  81  9:37  Pylon  
  85  9:41  Zealot  
  85  9:42  Zealot  
  87  9:46  Stalker  
  87  9:47  Stalker  
  87  9:51  Stalker  
  87  9:52  Zealot  
  87  9:57  Zealot  
  87  9:58  Shield Battery  
  85  10:02  Zealot  
  85  10:05  Zealot  
  81  10:10  Stalker  
  81  10:11  Stalker  
  83  10:16  Stalker  
Tags
 
Add a new tag
Caveats
  • Supply blocks, unpowered buildings, or Contaminate may cause inaccurate times.
  • Supply counts are checked every 10 seconds.